 Dungeon Crawl Stone Soup version 0.27-a0-1322-gfdffb62a71 (webtiles) character file.

Game seed: 10351631889298061446

53 Sabo the Chopper (level 3, -2/27 HPs)
             Began as a Demonspawn Gladiator on June 22, 2021.
             Was a Plaything of Xom.
             Slain by an orc wizard (3 damage)
             ... on level 3 of the Dungeon.
             The game lasted 00:13:59 (2471 turns).

Sabo the Chopper (Demonspawn Gladiator)             Turns: 2471, Time: 00:14:00

Health: -2/27      AC:  6    Str: 15    XL:     3   Next: 62%
Magic:  3/3        EV: 11    Int: 11    God:    Xom [......]
Gold:   93         SH:  0    Dex: 14    Spells: 2/2 levels left

rFire    . . .     SeeInvis .   k - +2 spear (vorpal)
rCold    . . .     Faith    .   (no shield)
rNeg     . . .     Spirit   .   s - +0 ring mail
rPois    .         Reflect  .   c - +0 helmet
rElec    .         Harm     .   (no cloak)
rCorr    +         Rampage  .   (no gloves)
Will     .....                  (no boots)
Stlth    +.........             (no amulet)
HPRegen  0.09/turn              l - ring of flight
MPRegen  0.08/turn              b - ring of resist corrosion

@: flying
A: claws 1, big brain 1
a: Renounce Religion


You were on level 3 of the Dungeon.
You worshipped Xom.
You were a very special plaything of Xom.
You visited 1 branch of the dungeon, and saw 3 of its levels.

You collected 93 gold pieces.

Inventory:

Hand Weapons
 a - a +0 war axe
 k - a +2 vorpal spear (weapon)
Missiles
 d - 3 throwing nets (quivered)
 j - 46 sling bullets
 q - 24 bolts
 r - 21 arrows
Armour
 c - a +0 helmet (worn)
 s - a +0 ring mail (worn)
Jewellery
 b - a ring of resist corrosion (right claw)
 l - a ring of flight (left claw)
Scrolls
 e - a scroll of enchant armour {unknown}
 f - 2 scrolls of fog
 h - 2 scrolls of immolation
 p - a scroll of magic mapping
Potions
 g - a potion of magic {unknown}
 i - a potion of haste {unknown}
 m - 2 potions of might {unknown}
 n - a potion of attraction {unknown}
 o - 6 potions of curing {unknown}


   Skills:
 + Level 2.2 Fighting
 + Level 3.2(3.3) Axes
 + Level 1.2(2.4) Polearms
 + Level 1.8 Throwing
 + Level 0.9 Armour
 + Level 3.0 Dodging
 + Level 0.1 Stealth


You had 2 spell levels left.
You didn't know any spells.
Your spell library contained the following spells:

 Spells                   Type           Power      Damage    Failure   Level
 Freeze                   Ice            0%         1d3       56%         1
 Frozen Ramparts          Ice            0%         1d2       91%         3
 Ozocubu's Armour         Ice            0%         N/A       91%         3
 Hailstorm                Conj/Ice       0%         3d3       100%        4
 Metabolic Englaciation   Hex/Ice        0%         N/A       100%        5


Dungeon Overview and Level Annotations

Branches:
Dungeon (3/15)

Altars:
Xom


Innate Abilities, Weirdness & Mutations

You have sharp fingernails.
You have an unusually large brain. (Int +2)


Message History

The orc is heavily wounded.
The orc wizard casts a spell.
The orc wizard flickers and vanishes!
Deactivating autopickup; reactivate with Ctrl-A.
The orc hits you with a +0 flail.
A shower of butterflies erupts from you!
You completely miss the orc.
The orc is heavily wounded.
The orc hits you but does no damage.
You hit the orc but do no damage.
The orc is heavily wounded.
The orc barely misses you.
You puncture the orc!
You kill the orc!
You hit the orc.
The orc is severely wounded.
The orc hits you with a +0 mace of pain.
You hit the orc.
You kill the orc!
You hit something but do no damage. Something hits you but does no damage.
You barely miss something.
You hear some strange, mumbled words.
A puff of flame appears from out of thin air!
The puff of flame hits you.
You hit something. Something hits you.
You hit something but do no damage. Something hits you.
You miss something.
You hear some strange, mumbled words.
A puff of flame appears from out of thin air!
The puff of flame hits you!
* * * LOW HITPOINT WARNING * * *
You miss something. Something hits you.
* * * LOW HITPOINT WARNING * * *
You miss something.
Your butterfly degenerates into a cloud of primal chaos!
You hear some strange, mumbled words.
Something tries to affect you, but you resist.
You hit something. Something hits you but does no damage.
You closely miss something. Something hits you.
You die...

.....####.# ##.
..........#### #..
....##.....# #b#
###.#.##.....# #.#
....#........# #.#
.(..#.##.....###.###
......##........!..#
....#########.##b#.#
....# #.##@# # ....#
#.##{# #.### #.##o#
#.# .....! #.#
.##..# #.# . #..#
...# #>##


You could see an orc.

Vanquished Creatures
  An adder (D:3)
  A worm (D:2)
  A dart slug (D:1)
  2 orcs (D:3)
  A bat (D:2)
  An endoplasm (D:2)
  A giant cockroach (D:2)
  6 goblins
  3 hobgoblins
  2 jackals (D:2)
  2 quokkas
  4 ball pythons
  4 frilled lizards
  2 kobolds
  4 rats
35 creatures vanquished.

Notes
Turn   | Place    | Note
-------+----------+-------------------------------------------
     0 | D:1      | Sabo the Demonspawn Gladiator began the quest for the Orb.
     0 | D:1      | Reached XP level 1. HP: 16/16 MP: 1/1
   440 | D:1      | Gained mutation: You have sharp fingernails. [demonic
                  | ancestry]
   440 | D:1      | Reached XP level 2. HP: 22/22 MP: 2/2
  1079 | D:2      | Found a faded altar of an unknown god.
  1257 | D:2      | Gained mutation: You have an unusually large brain. (Int
                  | +2) [demonic ancestry]
  1257 | D:2      | Reached XP level 3. HP: 14/27 MP: 3/3
  1891 | D:2      | Upgraded the game from 0.27-a0-1319-geec4fb4e21 to
                  | 0.27-a0-1322-gfdffb62a71
  1905 | D:2      | Became a worshipper of Xom of Chaos
  2307 | D:3      | Reached skill level 1 in Polearms
  2455 | D:3      | XOM: repel stairs
  2457 | D:3      | XOM: butterfly on damage
  2468 | D:3      | HP: 1/27 [something (4)]
  2471 | D:3      | Slain by an orc wizard

Illustrated notes

Levels and vault maps discovered:
D:1:      sevenhm_arrival_forest_fort_small_3, layout_rooms,
          serial_corexii_hall, chequers_hall_statues_y, corexii_hall_statues_l,
          corexii_hall_statues_i, chequers_hall_statues_y,
          chequers_hall_statues_y, chequers_hall_statues_wall_a
D:2:      layout_basic, hellmonk_ecumenical_altar_arch_garden,
          minmay_statues_item
D:3:      layout_loops_cross

Skill      XL: |  1  2  3 |
---------------+----------+-----
Axes           | 3 |  3.2
Dodging        | 3 |  3.0
Polearms       | 1 |  1.2
Fighting       | |  2.2
Throwing       | |  1.8
Armour         | |  0.9
Stealth        | |  0.1

Action                   || total
-------------------------++-------
Melee: War axe           ||    27
       Spear             ||    85
  Use: Scroll            ||     3
Armor: Leather armour    ||    22
       Ring mail         ||     8
Dodge: Dodged            ||    73

Table legend: (Time is in decaauts)
 A = Elapsed time spent in this place.
 B = Non-inter-level travel time spent in this place.
 C = Inter-level travel time spent in this place.
 D = Time resting spent in this place.
 E = Time spent auto-exploring this place.
 F = Levels seen in this place.
 G = Mean time per level.
                   A        B        C        D        E       F      G
               +--------+--------+--------+--------+--------+-----+--------+
         Total |   2478 |   2475 |      3 |    668 |      0 |   3 |  826.0 |
       Dungeon |   2478 |   2475 |      3 |    668 |      0 |   3 |  826.0 |
               +--------+--------+--------+--------+--------+-----+--------+

Top non-repeatable levels by time:
     D:2: 1174 daAuts
     D:1: 1083 daAuts
     D:3: 221 daAuts
